 Dungeon Crawl Stone Soup version 0.17.2-1-ge4368a0 (webtiles) character file.

4 Goblin1989 the Insei (level 1, -3/15 HPs)
             Began as a Demonspawn Transmuter on Nov 25, 2017.
             Slain by a hobgoblin (5 damage)
             ... on level 1 of the Dungeon.
             The game lasted 00:00:36 (98 turns).

Goblin1989 the Insei (Demonspawn Transmuter)          Turns: 98, Time: 00:00:36

Health: -3/15      AC:  2    Str: 10    XL:     1   Next: 58%
Magic:  3/3        EV: 12    Int: 14    God:
Gold:   0          SH:  0    Dex: 13    Spells: 1 memorised, 3 levels left

rFire  . . .     SeeInvis .       - Unarmed
rCold  . . .     Clarity  .     b - +0 robe
rNeg   . . .     SustAt   .     (no shield)
rPois  .         Gourm    .     (no helmet)
rElec  .         Spirit   .     (no cloak)
rCorr  .         Warding  .     (no gloves)
rMut   .         Stasis   .     (no boots)
MR     .....                    (no amulet)
Stlth  +.........               (no ring)
                                (no ring)

@: not resistant to hostile enchantments, very unstealthy
A: no striking features
a: no special abilities


You were on level 1 of the Dungeon.
You were not hungry.

You visited 1 branch of the dungeon, and saw 1 of its levels.

Inventory:

Missiles
 a - 12 arrows
Armour
 b - a +0 robe (worn)
Books
 c - a book of Changes

   Spells                             Type                      Level
   a - Beastly Appendage              Transmutation                1
   b - Sticks to Snakes               Transmutation                2
   c - Spider Form                    Transmutation/Poison         3
   d - Ice Form                       Ice/Transmutation            4
   e - Blade Hands                    Transmutation                5
Comestibles
 e - a bread ration {@e1}


   Skills:
 - Level 1.0 Fighting
 - Level 1.7 Dodging
 + Level 3.0 Unarmed Combat
 - Level 2.0 Spellcasting
 - Level 1.7 Transmutations


You had 3 spell levels left.
You knew the following spells:

 Your Spells              Type           Power        Failure   Level  Hunger
a - Beastly Appendage     Trmt           #.....       14%         1    ##.....


Dungeon Overview and Level Annotations

Branches:
Dungeon (1/15)

Altars:


Message History

No target in view!
No target in view!
No target in view!
Things that are here:
a dagger; 4 stones A giant gecko comes into view.
A giant gecko is nearby!
A giant gecko is nearby!
A kobold comes into view.
The kobold shouts!
A kobold comes into view.
The kobold shouts!
You hit the giant gecko.
The giant gecko is severely wounded.
You hear a shout!
The giant gecko closely misses you. The kobold hits you.
You are too injured to fight recklessly!
You take 4 damage, and have 9/15 hp.
O_OOPS!!
MASSIVE DAMAGE!!
You are too injured to fight recklessly!
You are too injured to fight recklessly!
You are too injured to fight recklessly!
You are too injured to fight recklessly!
You are too injured to fight recklessly!
You are too injured to fight recklessly!
You are too injured to fight recklessly!
You are too injured to fight recklessly!
You are too injured to fight recklessly!
You are too injured to fight recklessly!
You are too injured to fight recklessly!
You are too injured to fight recklessly!
You are too injured to fight recklessly!
You are too injured to fight recklessly!
You are too injured to fight recklessly!
You are too injured to fight recklessly!
You are too injured to fight recklessly!
You are too injured to fight recklessly!
You are too injured to fight recklessly!
You are too injured to fight recklessly!
You are too injured to fight recklessly!
You are too injured to fight recklessly!
You are too injured to fight recklessly!
You are too injured to fight recklessly!
Unknown command.
Casting: Beastly Appendage
Confirm with . or Enter, or press ? or * to list all spells.
You miscast Beastly Appendage.
You are very lightly contaminated with residual magic.
Your hair momentarily turns into snakes!
The giant gecko bites you.
You take 1 damage, and have 8/15 hp.
You now have 2/3 mp.
Casting: Beastly Appendage
Confirm with . or Enter, or press ? or * to list all spells.
Your feet morph into talons.
The giant gecko bites you but does no damage. x2
You now have 1/3 mp.
Unknown command.
You closely miss the giant gecko.
The giant gecko is severely wounded.
The giant gecko bites you.
* * * LOW HITPOINT WARNING * * *
You take 5 damage, and have 4/15 hp.
O_OOPS!!
MASSIVE DAMAGE!!
You hit the giant gecko but do no damage.
You claw the giant gecko, but do no damage.
The giant gecko is severely wounded.
The giant gecko barely misses you.
Unknown command.
You miss the giant gecko. Your kick misses the giant gecko.
The giant gecko is severely wounded.
The giant gecko barely misses you.
You closely miss the giant gecko.
The giant gecko is severely wounded.
The giant gecko misses you.
Unknown command.
You hit the giant gecko.
You kill the giant gecko!
Your Unarmed Combat skill increases to level 3!
Your transformation is almost over.
You barely miss the kobold. You hit the kobold.
You claw the kobold, but do no damage.
The kobold is almost dead.
The kobold hits you.
* * * LOW HITPOINT WARNING * * *
You take 3 damage, and have 1/15 hp.
Unknown command.
You barely miss the kobold. Your kick misses the kobold.
The kobold is almost dead.
The kobold closely misses you.
Unknown command.
Your talons disappear.
Things that are here:
a dagger; 4 stones Your magical contamination has completely faded away.
MP restored: 3 A hobgoblin comes into view.
The hobgoblin shouts!
The hobgoblin drinks a potion.
The hobgoblin flickers and vanishes!
Deactivating autopickup; reactivate with Ctrl-A.
A jackal comes into view.
Something hits you.
You die... █.████.█ █.█ █......████ █.█ ██........█ █.█ █..█████.█ █.█ ██. █.█ █.█ . █..█ █K█

..
█...██.█
..
.██..█K█
... █
█..@.█
█.██%.█
█$h..
.██.%█
.█ ..█ .
..█ .
..█ .█


You could see a jackal (wandering) and 2 kobolds.

Vanquished Creatures
  A giant gecko (D:1)
  A bat (D:1)
  A kobold (D:1)
3 creatures vanquished.

Notes
Turn   | Place    | Note
--------------------------------------------------------------
     0 | D:1      | Goblin1989 the Demonspawn Transmuter began the quest for the Orb.
     0 | D:1      | Reached XP level 1. HP: 15/15 MP: 3/3
    65 | D:1      | Reached skill level 3 in Unarmed Combat
    98 | D:1      | Slain by a hobgoblin

Action                   || total
-------------------------++-------
Melee: Unarmed           ||    18
 Cast: Beastly Appendage ||     1
 Stab: Sleeping          ||     1

Vault maps used:
D:1:      minmay_arrival_diagonal_passages, st_stairs_5, minmay_vboxes
